Map: Dusk Towers

Players

Miszu - Winner!

  • Race: Terran Terran
  • League: Master

Rare

  • Race: Zerg Zerg
  • League: Master

VOD

Have the link to the VOD?

Description

Time

  • Played on: June 26, 2016, 9:48 a.m.
  • Length: 10:02
Show
View Real Time Build Order
Export as new Build Order

Miszu Terran - Winner!

Build Orders: Reaper Expand 

Get SALT Encoding   

  12  0:00  SCV  
  13  0:13  SCV  
  14  0:17  Supply Depot  
  14  0:25  SCV  
  15  0:39  SCV  
  15  0:42  Barracks  
  16  0:45  Refinery  
  16  0:51  SCV  
  17  1:03  SCV  
  18  1:15  SCV  
  19  1:28  Orbital Command  
  19  1:29  Reaper  
  20  1:39  Command Center  
  20  1:47  Supply Depot  
  20  1:53  SCV  
  21  1:58  Refinery  
  21  2:05  Barracks Reactor  
  21  2:06  SCV  
  22  2:18  SCV  
  23  2:23  Factory  
  23  2:30  SCV  
  24  2:42  SCV  
  24  2:43  Marine x2  
  27  2:51  Orbital Command  
  27  2:54  SCV  
  28  3:01  Marine x2  
  30  3:06  SCV  
  30  3:12  Factory Reactor  
  31  3:13  Starport  
  31  3:18  Marine, SCV  
  31  3:19  Marine  
  34  3:22  SCV  
  35  3:30  SCV  
  36  3:34  SCV  
  36  3:36  Marine x2  
  39  3:42  Supply Depot, SCV  
  39  3:46  SCV  
  41  3:54  SCV  
  42  3:56  Medivac x2  
  46  4:03  Marine x2, Widow Mine  
  46  4:04  SCV  
  46  4:05  Supply Depot  
  46  4:07  Command Center, SCV  
  52  4:16  SCV  
  53  4:20  Refinery  
  53  4:21  Engineering Bay  
  53  4:22  Engineering Bay, Refinery, SCV  
  54  4:24  Liberator  
  54  4:28  SCV  
  55  4:35  Marine  
  55  4:36  SCV  
  58  4:39  Factory Tech Lab  
  58  4:40  SCV  
  62  4:48  Supply Depot  
  61  4:53  Liberator, SCV  
  61  4:55  Supply Depot  
  62  5:01  Terran Infantry Weapons Level 1, Terran Infantry Armor Level 1  
  62  5:10  SCV  
  66  5:18  Liberator  
  63  5:22  SCV x2  
  63  5:23  Siege Tank  
  63  5:24  Orbital Command  
  63  5:27  Barracks  
  68  5:29  Barracks  
  68  5:32  Marine x2  
  68  5:34  SCV x2  
  75  5:46  SCV  
  75  6:00  Marine x2  
  75  6:02  Siege Tank  
  78  6:05  SCV x2  
  78  6:10  Barracks  
  80  6:11  Barracks  
  80  6:17  SCV  
  80  6:18  Marine x3  
  77  6:36  Marine  
  77  6:38  Barracks Tech Lab x2  
  78  6:42  SCV x2  
  78  6:43  Barracks  
  78  6:45  Barracks  
  80  6:49  Barracks  
  80  6:50  Orbital Command  
  80  6:54  Marine x2, SCV x2  
  84  7:06  Barracks Reactor x2, SCV  
  84  7:07  Combat Shields  
  84  7:08  Marine x2, Stimpack  
  85  7:09  Siege Tank  
  85  7:10  Medivac  
  85  7:12  Marine  
  93  7:21  Marine, Medivac  
  93  7:22  SCV x3  
  99  7:26  Marine x2  
  99  7:29  Supply Depot  
  101  7:30  Supply Depot x3  
  101  7:32  Barracks Reactor x2  
  101  7:34  SCV  
  102  7:38  Barracks Tech Lab  
  102  7:40  Medivac  
  102  7:41  Marine  
  102  7:42  Marine  
  102  7:43  Marine  
  102  7:44  Marine  
  108  7:46  SCV  
  108  7:51  Medivac, Marauder, SCV x2, Armory  
  113  7:53  Marauder  
  113  7:55  Supply Depot  
  113  7:58  SCV  
  118  7:59  Supply Depot  
  118  8:00  Marauder  
  118  8:03  SCV  
  121  8:06  Marine  
  124  8:13  Marauder  
  124  8:15  Marauder  
  124  8:17  Marine x5  
  124  8:18  Marine x4  
  135  8:21  Marauder  
  135  8:26  Supply Depot  
  135  8:27  Refinery  
  137  8:28  Concussive Shells  
  137  8:29  Supply Depot  
  137  8:32  Medivac x2  
  143  8:34  Marauder  
  143  8:36  Marauder  
  145  8:42  Marauder  
  147  8:48  Marine x2  
  147  8:49  Marine  
  147  8:53  Command Center  
  152  8:55  Marauder  
  152  9:04  Marine x2, Marauder x2  
  152  9:05  Marine x5  
  152  9:06  Marine x3  
  166  9:16  Marine  
  167  9:22  Marine x6  
  173  9:27  Marine  
  173  9:28  Marine  
  173  9:29  Marine  
  173  9:30  Marine, Marauder  
  173  9:31  Marauder  
  171  9:35  Marauder  
  164  9:40  Marine x6  
Show
View Real Time Build Order
Export as new Build Order

Rare Zerg 

Build Orders: Hatch First 

Get SALT Encoding   

  12  0:01  Drone  
  13  0:12  Overlord  
  13  0:17  Drone  
  14  0:31  Drone  
  14  0:32  Drone  
  14  0:34  Drone  
  17  0:55  Drone, Hatchery  
  17  1:10  Spawning Pool  
  16  1:13  Drone  
  16  1:16  Extractor  
  16  1:18  Drone  
  17  1:21  Drone  
  18  1:33  Drone  
  18  1:38  Overlord  
  19  1:58  Zergling x2  
  19  1:59  Queen  
  19  2:00  Zergling x2  
  23  2:07  Drone  
  23  2:08  Queen  
  26  2:16  Drone  
  26  2:17  Drone  
  26  2:18  Metabolic Boost  
  28  2:26  Drone  
  30  2:30  Drone  
  29  2:38  Drone  
  29  2:40  Spore Crawler  
  29  2:42  Drone  
  29  2:43  Drone  
  32  2:46  Queen  
  32  2:49  Queen  
  36  2:53  Overlord  
  36  3:03  Overlord  
  37  3:12  Drone  
  37  3:13  Drone x2  
  37  3:19  Drone x3  
  42  3:23  Drone x2  
  42  3:24  Drone x2  
  46  3:29  Drone  
  47  3:35  Drone  
  47  3:38  Hatchery  
  47  3:49  Overlord  
  47  3:52  Drone  
  48  3:56  Roach Warren, Extractor  
  48  3:57  Extractor  
  46  4:02  Drone  
  46  4:03  Drone  
  46  4:05  Drone x2  
  46  4:06  Drone x3  
  46  4:08  Overlord  
  52  4:13  Overlord  
  52  4:21  Overlord  
  52  4:25  Overlord  
  52  4:30  Overlord  
  52  4:37  Roach  
  52  4:38  Roach x3  
  60  4:40  Roach x3  
  66  4:47  Overlord  
  66  4:51  Spore Crawler  
  65  4:54  Lair  
  65  4:56  Zergling x2  
  65  4:57  Zergling x4  
  67  5:03  Spore Crawler  
  66  5:07  Queen  
  66  5:08  Drone x2  
  65  5:15  Drone  
  63  5:23  Spore Crawler  
  63  5:27  Drone x3  
  63  5:28  Drone x5  
  69  5:31  Drone  
  71  5:42  Ravager x3  
  74  5:43  Zergling x2  
  74  5:44  Zergling x6  
  75  6:01  Drone x6  
  76  6:13  Drone x5  
  76  6:17  Queen  
  81  6:18  Drone  
  81  6:19  Drone x3  
  81  6:20  Drone x2  
  86  6:27  Drone  
  86  6:31  Drone  
  86  6:32  Drone  
  88  6:40  Glial Reconstitution, Drone  
  86  6:48  Hatchery  
  86  6:49  Drone x2  
  86  6:50  Drone  
  88  6:56  Drone x3  
  88  6:57  Drone  
  88  7:00  Drone  
  88  7:01  Evolution Chamber x2  
  90  7:06  Drone x2  
  92  7:09  Extractor  
  92  7:10  Extractor, Drone  
  92  7:11  Drone x2  
  93  7:17  Drone  
  93  7:21  Drone x4, Spore Crawler  
  97  7:26  Overlord x2  
  97  7:33  Extractor  
  97  7:34  Overlord  
  96  7:37  Overlord  
  96  7:38  Zerg Ground Armor Level 1  
  96  7:40  Zerg Missile Weapons Level 1  
  96  7:48  Ravager x3  
  96  7:49  Ravager  
  100  7:56  Drone x2  
  100  7:57  Drone x2  
  104  7:59  Hatchery  
  103  8:11  Queen  
  107  8:13  Roach x12  
  107  8:14  Roach x2  
  107  8:18  Overlord  
  133  8:37  Spore Crawler  
  133  8:39  Roach  
  133  8:40  Roach x5  
  143  8:44  Overlord  
  143  8:46  Overlord  
  143  8:50  Pneumatized Carapace  
  143  8:51  Overlord, Spore Crawler  
  142  8:56  Overlord x2  
  142  8:58  Overlord x2  
  142  9:06  Overlord x3  
  142  9:07  Roach  
  142  9:08  Roach x3  
  150  9:11  Overlord  
  150  9:12  Roach  
  150  9:13  Roach x4  
  150  9:16  Roach x4  
  168  9:19  Roach  
  168  9:20  Roach x2  
  132  9:36  Roach  
  132  9:37  Roach x2  
  114  9:38  Roach x2  
  114  9:39  Roach x3  
Tags
 
Add a new tag
Caveats
  • Supply blocks, unpowered buildings, or Contaminate may cause inaccurate times.
  • Supply counts are checked every 10 seconds.